 Dungeon Crawl Stone Soup version 0.28-a0-1235-g7c8fac35f0 (webtiles) character file.

Game seed: 15821934809861311043

753 karkarkar the Chopper (level 7, -5/85 HPs)
             Began as a Palentonga Fighter on Dec 24, 2021.
             Was an Initiate of Hepliaklqana.
             Killed by divine providence
             ... invoked by an orc priest
              (13 damage)
             ... on level 5 of the Dungeon.
             The game lasted 00:15:57 (4811 turns).

karkarkar the Chopper (Palentonga Fighter)          Turns: 4811, Time: 00:15:59

Health: -5/85      AC: 23    Str: 21    XL:     7   Next: 49%
Magic:  7/7        EV:  1    Int:  9    God:    Hepliaklqana [......]
Gold:   190        SH:  8    Dex:  9    Spells: 6/6 levels left

rFire   . . .      SeeInvis +   n - +0 morningstar
rCold   . . .      Faith    .   m - +0 kite shield
rNeg    . . .      Spirit   .   (armour currently unavailable)
rPois   +          Reflect  .   (helmet currently unavailable)
rElec   .          Harm     .   (cloak currently unavailable)
rCorr   .          Rampage  .   (gloves currently unavailable)
Will    .....      NoTele   +   (no barding)
Stlth   +.........              h - amulet of magic regeneration
HPRegen 0.24/turn               (no ring)
MPRegen 0.50/turn               (no ring)

@: mighty, tree-form
A: stationary, stasis, torment immunity, boosted hp, large, rugged brown scales
3, see invisible, (deformed body), (roll 1), (armoured tail), (reflexive curl)
a: Renounce Religion


You were on level 5 of the Dungeon.
You worshipped Hepliaklqana.
Hepliaklqana was noncommittal.
You were a tree.
You visited 2 branches of the dungeon, and saw 6 of its levels.

You collected 190 gold pieces.

Inventory:

Hand Weapons
 a - a +1 war axe
 n - a +0 morningstar (weapon)
Missiles
 e - 14 poisoned darts (quivered)
Armour
 b - a +0 scale mail (melded)
 k - a +2 helmet (melded)
 m - a +0 kite shield (worn)
Jewellery
 h - an amulet of magic regeneration (around neck)
Scrolls
 g - 2 scrolls of teleportation
 l - a scroll of fear
 o - a scroll of holy word {unknown}
Potions
 d - a potion of might
 f - a potion of invisibility
 i - a potion of flight {unknown}
 j - 3 potions of curing {unknown}


   Skills:
 - Level 4.1 Fighting
 - Level 5.7 Axes
 - Level 1.5 Throwing
 - Level 3.6 Armour
 + Level 4.0 Shields


You had 6 spell levels left.
You didn't know any spells.
Your spell library contained the following spells:

 Spells                   Type           Power      Damage    Failure   Level
 Ignite Poison            Fire/Tmut/Pois 0%         N/A       98%         3
 Mephitic Cloud           Conj/Pois/Air  0%         N/A       98%         3
 Portal Projectile        Hex/Tloc       0%         N/A       98%         3
 Blade Hands              Tmut           0%         N/A       100%        5
 Excruciating Wounds      Necr           0%         N/A       100%        5
 Freezing Cloud           Conj/Ice/Air   0%         6-21      100%        5


Dungeon Overview and Level Annotations

Branches:
Dungeon (5/15)             Temple (1/1) D:4

Altars:
Ashenzari
Cheibriados
Elyvilon
Fedhas
Gozag
Hepliaklqana
Kikubaaqudgha
Makhleb
Nemelex Xobeh
Okawaru
Qazlal
Ru
Trog
Uskayaw
Vehumet
Wu Jian
Zin
The Shining One

Shops:
D:4 !

Annotations:
D:4 2 transporters, ThrustWizard's ghost, novice GnWn


Innate Abilities, Weirdness & Mutations

You are a tree.
Your roots penetrate the ground, keeping you stationary.
You cannot be teleported.
You are immune to unholy pain and torment.
Your maximum health is greatly increased.
Your equipment is partially melded.
(You are completely covered in rugged brown scales. (AC +3, +7% HP))
You have supernaturally acute eyesight. (SInv)
((Armour fits poorly on your strangely shaped body.))
((You can roll at nearby foes to attack.))
((You have a long armoured tail.))
((You curl defensively after being hit. (AC +7*)))


Message History

You resist with some effort.
The orc priest looks encouraged for a moment.
You're too confused to move!
The orc wizard hits you but does no damage. x2
You bump into the rock wall.
The orc wizard closely misses you.
The orc wizard hits you but does no damage.
You bump into the rock wall.
You feel less confused. The orc wizard barely misses you.
You block the orc wizard's attack.
The orc priest invokes the aid of Beogh against you.
Beogh smites you!
* * * LOW HITPOINT WARNING * * *
You puncture the orc wizard!
The orc wizard is severely wounded.
You block the orc wizard's attack.
The orc wizard hits you but does no damage.
You block the orc wizard's attack.
Your shield and scale mail prevent you from hitting the orc wizard.
The orc wizard is severely wounded.
The orc wizard barely misses you.
The orc wizard hits you but does no damage. x2
The orc priest invokes the aid of Beogh against you.
Beogh smites you!
* * * LOW HITPOINT WARNING * * *
It was a potion of lignification.
You turn into a tree.
Your +2 helmet melds into your body.
Your +0 scale mail melds into your body.
Your roots penetrate the ground.
The orc wizard casts a spell at you. You resist with some effort.
The orc wizard hits you but does no damage.
You are too injured to fight recklessly!
You barely miss the orc wizard.
The orc wizard is severely wounded.
The orc wizard mumbles some strange words.
The orc wizard flickers and vanishes for a moment.
The orc wizard hits you but does no damage.
The orc priest calls down the wrath of Beogh upon you.
Beogh smites you!
You die...

##.# #.......# #.# ##.#
#.......# #.# ##.###.......#
#.# ###
#...........#####.######...#
+..................))......#
#####.......##..####)####..#
#.......##..##.....##..# #
####.#####..#.......#..# ...
#.# ##♣#.......#.#...# ...
#oo..._......#
#...#####o#.......#..#
......oo#....†..#..#
..#####.##.....##..##
.#####.####.####....
.....................
...........#o.........
.......#.#o##.#.##.....


You could see an orc priest, 3 orc wizards and an orc.

Vanquished Creatures
  A sky beast (D:5)
  2 ogres (D:4)
  2 scorpions (D:4)
  2 orc priests (D:5)
  A bullfrog skeleton (D:3)
  A centaur skeleton (D:4)
  An orc wizard (D:5)
  An iguana (D:3)
  2 hound skeletons (D:4)
  A howler monkey zombie (D:5)
  7 gnolls
  An adder (D:2)
  An ufetubus (D:4)
  2 worms
  2 dart slugs (D:3)
  7 orcs
  3 bats (D:1)
  5 endoplasms
  4 giant cockroaches
  7 goblins
  8 hobgoblins
  3 jackals (D:5)
  7 kobolds
  3 quokkas
  7 ball pythons
  3 frilled lizards
  4 rats
88 creatures vanquished.

Notes
Turn   | Place    | Note
-------+----------+-------------------------------------------
     0 | D:1      | karkarkar the Palentonga Fighter began the quest for the
                  | Orb.
     0 | D:1      | Reached XP level 1. HP: 19/19 MP: 1/1
    78 | D:1      | Found a faded altar of an unknown god.
   128 | D:1      | Reached XP level 2. HP: 25/25 MP: 2/2
   439 | D:1      | Reached XP level 3. HP: 14/31 MP: 3/3
  1366 | D:2      | Reached skill level 3 in Axes
  1565 | D:2      | Reached XP level 4. HP: 37/37 MP: 4/4
  2421 | D:3      | Reached skill level 4 in Axes
  2421 | D:3      | Reached XP level 5. HP: 36/44 MP: 5/5
  2840 | D:4      | Found Rucyah's Distillery.
  2932 | D:4      | Noticed an ogre
  2932 | D:4      | Noticed ThrustWizard's ghost (novice GnWn)
  2936 | D:4      | Noticed an ogre
  2982 | D:4      | Noticed an ogre
  3001 | D:4      | Killed an ogre
  3002 | D:4      | Reached skill level 1 in Throwing
  3002 | D:4      | Reached XP level 6. HP: 33/51 MP: 6/6
  3162 | D:4      | Found a staircase to the Ecumenical Temple.
  3390 | Temple   | Entered the Ecumenical Temple
  3616 | Temple   | Became a worshipper of Hepliaklqana the Forgotten
  3676 | D:4      | Reached skill level 5 in Axes
  3890 | D:4      | Gained mutation: You curl defensively after being hit. (AC
                  | +7*) [Palentonga growth]
  3890 | D:4      | Reached XP level 7. HP: 49/57 MP: 7/7
  3939 | D:4      | Found a transporter.
  3941 | D:4      | Found a transporter.
  4037 | D:4      | Found an ornate altar of the Wu Jian Council.
  4132 | D:5      | Entered Level 5 of the Dungeon
  4406 | D:5      | Found an iron altar of Okawaru.
  4811 | D:5      | Killed from afar by an orc priest

Illustrated notes

Levels and vault maps discovered:
D:1:      dpeg_arrival_brainrot, layout_basic,
          shapermc_ecumenical_altar_totnotflames
D:2:      layout_loops_ring
D:3:      layout_loops_ring, st_stairs_5
D:4:      layout_rooms, nzn_wu_jian_contemplation,
          minmay_temple_entry_butterflies, serial_shops, nicolae_square_shop,
          gammafunk_ghost_smash, minmay_close_crescents
D:5:      layout_loops_cross, old_standard_altar, serial_shops,
          nicolae_lakefront_shop, kennysheep_small_spiral, minmay_door_square,
          minmay_manual_macuahuitl
Temple:   lightli_temple_of_artemis

Skill      XL: |  1  2  3  4  5  6  7 |
---------------+----------------------+-----
Axes           | 3 4 5 |  5.7
Armour         | 3 |  3.6
Fighting       | 4 |  4.1
Throwing       | 1 |  1.5
Shields        | 3 4 |  4.0

Action                   |  1- 3 |  4- 6 |  7- 9 || total
-------------------------+-------+-------+-------++-------
Melee: War axe           |    92 |   100 |    13 ||   205
       Tailslap          |     9 |    10 |    10 ||    29
       Morningstar       |       |       |    43 ||    43
Throw: Dart              |     1 |    43 |     4 ||    48
 Abil: Rolling Charge    |     2 |       |     1 ||     3
  Use: Scroll            |     1 |     5 |     2 ||     8
       Potion            |       |       |     2 ||     2
Armor: Scale mail        |    54 |    45 |    64 ||   163
       Skin              |       |       |     2 ||     2
Dodge: Dodged            |    40 |    29 |    28 ||    97
Block: Buckler           |    22 |    16 |       ||    38
       Kite shield       |       |    10 |    29 ||    39

Table legend: (Time is in decaauts)
 A = Elapsed time spent in this place.
 B = Non-inter-level travel time spent in this place.
 C = Inter-level travel time spent in this place.
 D = Time resting spent in this place.
 E = Time spent auto-exploring this place.
 F = Levels seen in this place.
 G = Mean time per level.
                   A        B        C        D        E       F      G
               +--------+--------+--------+--------+--------+-----+--------+
         Total |   4902 |   4776 |    126 |    675 |   3216 |   6 |  817.0 |
       Dungeon |   4659 |   4554 |    105 |    675 |   3132 |   5 |  931.8 |
        Temple |    243 |    222 |     21 |      0 |     84 |   1 |  243.0 |
               +--------+--------+--------+--------+--------+-----+--------+

Top non-repeatable levels by time:
     D:1: 1190 daAuts
     D:4: 1072 daAuts
     D:2: 849 daAuts
     D:3: 840 daAuts
     D:5: 704 daAuts
  Temple: 243 daAuts
